 Dungeon Crawl Stone Soup version 0.27-a0-1579-g97d2440184 (webtiles) character file.

Game seed: 4078038769958329767

0 mandarbmax the Sneak (level 1, 0/11 HPs)
             Began as a Vine Stalker Delver on July 17, 2021.
             Succumbed to an adder's poison
             ... on level 5 of the Dungeon.
             The game lasted 00:00:21 (38 turns).

mandarbmax the Sneak (Vine Stalker Delver)            Turns: 38, Time: 00:00:22

Health: 0/11       AC:  3    Str: 14    XL:     1   Next: 0%
Magic:  0/2        EV: 11    Int: 10    God:
Gold:   0          SH:  0    Dex: 15    Spells: 0/0 levels left

rFire    . . .     SeeInvis .   a - +0 short sword
rCold    . . .     Faith    .   (no shield)
rNeg     . . .     Spirit   +   b - +0 leather armour
rPois    .         Reflect  .   (no helmet)
rElec    .         Harm     .   (no cloak)
rCorr    .         Rampage  .   (no gloves)
Will     .....                  (no boots)
Stlth    +++.......             (no amulet)
HPRegen  0.03/turn              (no ring)
MPRegen  0.08/turn              (no ring)

@: lethally poisoned (0 -> -4), marked
A: fangs 2, magic shield, antimagic bite, no potion heal 2
a: no special abilities


You were on level 5 of the Dungeon.
You visited 1 branch of the dungeon, and saw 1 of its levels.

Inventory:

Hand Weapons
 a - a +0 short sword (weapon)
Armour
 b - a +0 leather armour (worn)
Wands
 g - a wand of digging (3)
Scrolls
 c - a scroll of fog
 d - a scroll of magic mapping
 e - a scroll of fear
Potions
 f - a potion of haste


   Skills:
 + Level 2.6 Fighting
 + Level 1.7 Short Blades
 + Level 1.5 Dodging
 - Level 6.0 Stealth


You couldn't memorise any spells.
You didn't know any spells.
Your spell library was empty.

Dungeon Overview and Level Annotations

Branches:
Dungeon (5/15)
 Temple: D:4-7

Altars:


Innate Abilities, Weirdness & Mutations

You have extremely sharp teeth.
When hurt, damage is shared between your health and your magic reserves.
Your bite disrupts and absorbs the magic of your enemies.
Potions cannot restore your health.


Message History

You set off the alarm!
A sentinel's mark forms upon you.
You hear an angry hiss.
An adder comes into view.
Found a stone staircase leading up.
You miss the adder. You bite the adder. You drain its power.
The adder is moderately wounded.
The adder bites you.
You hit the adder but do no damage.
The adder is moderately wounded.
The adder bites you.
You closely miss the adder.
The adder is moderately wounded.
The adder barely misses you. The adder closely misses you.
You closely miss the adder. Your bite misses the adder.
The adder is moderately wounded.
The adder barely misses you.
You hit the adder.
The adder is almost dead.
The adder bites you.
You are lethally poisoned!
The adder poisons you!
You closely miss the adder. Your bite misses the adder.
The adder is almost dead.
You feel sick. The adder bites you.
* * * LOW HITPOINT WARNING * * *
The adder misses you.
Unknown command.
You hit the adder but do no damage. Your bite misses the adder.
The adder is almost dead.
* * * LOW HITPOINT WARNING * * *
You feel sick. The adder completely misses you.
You miss the adder. Your bite misses the adder.
The adder is almost dead.
* * * LOW HITPOINT WARNING * * *
You feel sick. The adder closely misses you.
Unknown command.
You completely miss the adder. You bite the adder.
You kill the adder!
You die...

....#.#...## #.#
...........# #.#
##.....>...# #.#
...........# #.#
.###.......# #.#
.........##### #.#
#.............. #.#
.........######.##.##
................@...#
......#.......#.#####
... ... . .....
.....#. ...<##. .##.
#. # #.


There were no monsters in sight!

Vanquished Creatures
  An adder (D:5)
1 creature vanquished.

Notes
Turn   | Place    | Note
-------+----------+-------------------------------------------
     0 | D:5      | mandarbmax the Vine Stalker Delver began the quest for the
                  | Orb.
     0 | D:5      | Reached XP level 1. HP: 11/11 MP: 2/2
    38 | D:5      | Succumbed to an adder's poison

Illustrated notes

Levels and vault maps discovered:
D:5:      layout_basic, kennysheep_small_spiral, minmay_manual_monstrance,
          uniq_menkaure, uniq_eustachio

Action                   || total
-------------------------++-------
Melee: Short sword       ||     9
       Bite              ||     2
Dodge: Dodged            ||     6

Table legend: (Time is in decaauts)
 A = Elapsed time spent in this place.
 B = Non-inter-level travel time spent in this place.
 C = Inter-level travel time spent in this place.
 D = Time resting spent in this place.
 E = Time spent auto-exploring this place.
 F = Levels seen in this place.
 G = Mean time per level.
                   A        B        C        D        E       F      G
               +--------+--------+--------+--------+--------+-----+--------+
         Total |     38 |     38 |      0 |      0 |     27 |   1 |   38.0 |
       Dungeon |     38 |     38 |      0 |      0 |     27 |   1 |   38.0 |
               +--------+--------+--------+--------+--------+-----+--------+

Top non-repeatable levels by time:
     D:5: 38 daAuts
